 Dungeon Crawl Stone Soup version 0.29-a0-275-g389c0b56f3 (webtiles) character file.

Game seed: 3479898230082256917

161 bande the Covered (level 5, -1/33 HPs)
             Began as a Gargoyle Fighter on Mar 11, 2022.
             Slain by Edmund
             ... wielding a +2 vorpal dire flail
              (8 damage)
             ... on level 4 of the Dungeon.
             The game lasted 00:05:07 (4577 turns).

bande the Covered (Gargoyle Fighter)                Turns: 4577, Time: 00:05:07

Health: -1/33      AC: 13    Str: 20    XL:     5   Next: 42%
Magic:  5/5        EV:  7    Int:  8    God:
Gold:   194        SH:  4    Dex: 11    Spells: 4/4 levels left

rFire   . . .      SeeInvis .   a - +1 war axe
rCold   . . .      Faith    .   c - +0 buckler
rNeg    + . .      Spirit   .   e - +0 chain mail
rPois   ∞          Reflect  .   (no helmet)
rElec   +          Harm     .   (no cloak)
rCorr   .          Rampage  .   (no gloves)
Will    .....                   (no boots)
Stlth   ..........              (no amulet)
HPRegen 0.11/turn               (no ring)
MPRegen 0.09/turn               (no ring)

@: hasted, very quick
A: sickness immunity, AC +4, negative energy resistance 1, electricity
resistance, torment resistance 1, petrification resistance
a: no special abilities


You were on level 4 of the Dungeon.
You visited 1 branch of the dungeon, and saw 4 of its levels.

You collected 194 gold pieces.

Inventory:

Hand Weapons
 a - a +1 war axe (weapon)
 b - a +0 war axe
Armour
 c - a +0 buckler (worn)
 e - a +0 chain mail (worn)
Jewellery
 g - an amulet of magic regeneration
 j - a ring of resist corrosion
 s - a ring of ice
Wands
 p - a wand of iceblast (7)
 r - a wand of paralysis (8)
Scrolls
 i - 3 scrolls of teleportation
 o - 3 scrolls of enchant weapon
Potions
 d - 2 potions of might
 f - a potion of flight {unknown}
 h - 4 potions of magic
 k - a potion of haste
 l - a potion of mutation {unknown}
 m - a potion of degeneration {unknown}
 n - a potion of brilliance {unknown}
 q - 2 potions of resistance {unknown}
 t - a potion of lignification {unknown}


   Skills:
 + Level 3.9 Fighting
 + Level 3.5 Axes
 + Level 4.2 Armour
 + Level 3.7 Shields
 * Level 0.9 Evocations


You had 4 spell levels left.
You didn't know any spells.
Your spell library was empty.

Dungeon Overview and Level Annotations

Branches:
Dungeon (4/15)
 Temple: D:4-7

Altars:

Annotations:
D:4 Edmund


Innate Abilities, Weirdness & Mutations

You are immune to sickness and miasma.
Your stone body is resilient. (AC +4)
You are immune to poison.
You resist negative energy. (rN+)
You are resistant to electric shocks. (rElec)
You are resistant to unholy torment.
You are immune to petrification.


Message History

Edmund is nearby!
Edmund closely misses you.
You barely miss Edmund. Edmund barely misses you.
Edmund hits you but does no damage.
You barely miss Edmund.
Edmund hits you with a +2 vorpal dire flail!
You hit Edmund but do no damage. You block Edmund's attack.
Edmund hits you but does no damage.
You slash Edmund!
Edmund is moderately wounded.
Edmund hits you but does no damage.
You slash Edmund!
Edmund is heavily wounded.
Edmund hits you but does no damage.
You barely miss Edmund.
Edmund is heavily wounded.
You block Edmund's attack.
Edmund hits you with a +2 vorpal dire flail.
You hit Edmund.
Edmund is severely wounded.
Edmund hits you with a +2 vorpal dire flail!
* * * LOW HITPOINT WARNING * * *
You are too injured to fight recklessly!
You are too injured to fight recklessly!
You are too injured to fight recklessly!
You closely miss Edmund.
Edmund is severely wounded.
You block Edmund's attack.
You hit Edmund but do no damage.
Edmund is severely wounded.
You block Edmund's attack. Edmund hits you but does no damage.
You barely miss Edmund.
Edmund is severely wounded.
Edmund hits you with a +2 vorpal dire flail.
* * * LOW HITPOINT WARNING * * *
x2 It was a potion of haste.
You feel yourself speed up. You block Edmund's attack.
Edmund attacks as you move away!
Edmund hits you with a +2 vorpal dire flail!
You die...

#......#### ##.........#
#..........##
#...........#
............#
............##
.............####
>...............########
......).........@@.....#
......†......####.......
............## #####..
..........###
..........##
....#####..### #####
##...## ##...### ..
##....## ..#


You could see Edmund.

Vanquished Creatures
  A hound (D:3)
  An iguana (D:4)
  2 adders (D:3)
  2 worms (D:2)
  2 dart slugs
  5 ball pythons
  4 bats
  5 endoplasms
  4 giant cockroaches
  12 goblins
  10 hobgoblins
  2 jackals (D:1)
  6 quokkas
  9 frilled lizards
  5 kobolds
  A rat (D:1)
71 creatures vanquished.

Vanquished Creatures (others)
  6 plants (D:1)
  A withered plant (D:2)
7 creatures vanquished.

Grand Total: 78 creatures vanquished

Notes
Turn   | Place    | Note
-------+----------+-------------------------------------------
     0 | D:1      | bande the Gargoyle Fighter began the quest for the Orb.
     0 | D:1      | Reached XP level 1. HP: 14/14 MP: 1/1
   538 | D:1      | Reached XP level 2. HP: 9/19 MP: 2/2
  1535 | D:1      | Reached XP level 3. HP: 23/23 MP: 3/3
  2007 | D:2      | Found a faded altar of an unknown god.
  2519 | D:2      | Reached XP level 4. HP: 28/29 MP: 4/4
  2798 | D:2      | Reached skill level 4 in Armour
  3771 | D:3      | Reached XP level 5. HP: 29/33 MP: 5/5
  4562 | D:4      | Noticed Edmund
  4577 | D:4      | Slain by Edmund

Illustrated notes

Levels and vault maps discovered:
D:1:      minmay_arrival_arboretum_large, layout_basic, minmay_lizard_king
D:2:      layout_loops_cross, shapermc_ecumenical_altar_gd,
          minmay_misc_feat_plants
D:3:      layout_loops_ring, kennysheep_nub, minmay_misc_feat_square
D:4:      layout_cave_pods, uniq_edmund

Skill      XL: |  1  2  3  4 |
---------------+-------------+-----
Axes           | 2 3 |  3.5
Armour         | 4 |  4.2
Fighting       | |  3.9
Shields        | |  3.7
Evocations     | |  0.9

Action                   |  1- 3 |  4- 6 || total
-------------------------+-------+-------++-------
Melee: War axe           |   113 |    96 ||   209
  Use: Scroll            |     5 |     1 ||     6
       Potion            |       |     1 ||     1
Armor: Chain mail        |    62 |    69 ||   131
Dodge: Dodged            |    31 |    34 ||    65
Block: Buckler           |    27 |    17 ||    44

Table legend: (Time is in decaauts)
 A = Elapsed time spent in this place.
 B = Non-inter-level travel time spent in this place.
 C = Inter-level travel time spent in this place.
 D = Time resting spent in this place.
 E = Time spent auto-exploring this place.
 F = Levels seen in this place.
 G = Mean time per level.
                   A        B        C        D        E       F      G
               +--------+--------+--------+--------+--------+-----+--------+
         Total |   4664 |   4646 |     18 |   1275 |   2748 |   4 | 1166.0 |
       Dungeon |   4664 |   4646 |     18 |   1275 |   2748 |   4 | 1166.0 |
               +--------+--------+--------+--------+--------+-----+--------+

Top non-repeatable levels by time:
     D:1: 1879 daAuts
     D:2: 1142 daAuts
     D:3: 955 daAuts
     D:4: 686 daAuts
